AoeStats
← #Patte

Nomad

509709545Analyzed
4v4 RM · 3d ago on Sep 27, 2026· 58m 48s· 8 players
Game mode
Random Map
Map size
231×231
Population
200
Speed
Normal
Resources
Standard
Victory
Conquest
Starting age
Dark Age
Ending age
Imperial Age
RankedLock teamsTeams togetherTeam positionsShared explorationLock speedFull tech treeHidden civsTurbo modeCheats
Victory
Defeat
🇦🇷 Vietnamese · Argentina
1040
+15
🇸🇪 Varangians · Sweden
1032
+15
🇩🇪 Hindustanis · Germany
1025
+16
🇮🇩 Huns · Indonesia
1003
+17
🇦🇹 Persians · Austria
1103
-19
🇩🇪 Huns · Germany
1068
-18
🇩🇪 Mongols · Germany
999
-15
🇩🇪 Aztecs · Germany
902
-11
Disco Detective
7:09 Loom
14:52 Feudal Age
19:36 Double-Bit Axe
21:00 Horse Collar
25:16 Castle Age
27:42 Fletching
28:38 Pikeman
31:20 Bow Saw
31:12 Heavy Plow
35:19 Forging
35:10 Scale Mail Armor
37:29 Bodkin Arrow
38:43 Squires
43:59 Gambesons
45:34 Gold Mining
48:34 Medium Warships
50:02 Chain Mail Armor
49:54 Scale Barding Armor
50:25 Iron Casting
50:23 Arson
55:28 Imperial Age
53:35 Wheelbarrow
52:45 Town Watch
53:36 Masonry
53:41 Clinker Construction
55:22 Stone Mining
57:32 Two-Man Saw
57:36 Blast Furnace
57:07 Plate Mail Armor
56:13 Halberdier
56:17 Elite Varangian Guard
57:14 Capped Ram
57:49 Gothikon
King_Slayyyer23
14:20 Feudal Age
16:17 Double-Bit Axe
20:44 Castle Age
18:30 Loom
20:49 Castle Age
18:49 Gold Mining
18:50 Fishing Lines
19:34 Scale Barding Armor
19:39 Forging
22:49 Bloodlines
22:39 Husbandry
28:56 Iron Casting
29:35 Fletching
30:48 Bow Saw
32:43 Wheelbarrow
36:29 Imperial Age
34:24 Fortified Wall
35:27 Chain Barding Armor
35:18 Stone Mining
37:47 Conscription
37:31 Shatagni
38:44 Chemistry
37:56 Padded Archer Armor
38:07 Heavy Camel Rider
42:04 Ballistics
43:31 Plate Barding Armor
43:52 Imperial Camel Rider
45:38 Gold Shaft Mining
45:40 Imperial Camel Rider
52:03 Blast Furnace
51:42 Bodkin Arrow
54:43 Caravan
MrTomatoChips
13:56 Feudal Age
19:02 Castle Age
17:39 Double-Bit Axe
17:36 Horse Collar
19:53 Bow Saw
20:53 Heavy Plow
23:50 Pikeman
26:32 Gold Mining
29:10 Gold Shaft Mining
30:38 Loom
30:59 Stone Mining
34:14 Imperial Age
34:56 Forging
34:51 Scale Barding Armor
35:08 Marauders
35:12 Husbandry
35:23 Bloodlines
35:35 Elite Tarkan
36:04 Fishing Lines
39:02 Iron Casting
38:48 Chain Barding Armor
39:59 Gillnets
44:13 Conscription
44:14 Atheism
50:01 Blast Furnace
49:36 Plate Barding Armor
tony halcon
11:10 Loom
16:40 Feudal Age
18:57 Double-Bit Axe
18:57 Horse Collar
21:20 Castle Age
22:26 Bow Saw
25:16 Loom
26:06 Wheelbarrow
25:17 Town Watch
27:24 Hand Cart
32:23 Fletching
32:33 Padded Archer Armor
34:20 Padded Archer Armor
36:26 Town Patrol
38:28 Gold Mining
38:42 Heavy Plow
38:16 Elite Skirmisher
39:02 Thumb Ring
40:08 Bodkin Arrow
40:28 Leather Archer Armor
42:53 Ballistics
46:12 Imperial Age
45:41 Coinage
46:56 Bracer
47:26 Ring Archer Armor
47:59 Chemistry
46:20 Imperial Skirmisher
50:51 Siege Engineers
50:27 Treadmill Crane
50:59 Fortified Wall
51:01 Masonry
53:21 Banking
CeBe
5:48 Loom
13:03 Feudal Age
22:41 Castle Age
20:46 Horse Collar
20:52 Double-Bit Axe
21:02 Gold Mining
24:08 Bow Saw
27:13 Fishing Lines
29:24 Bloodlines
30:03 Fletching
30:13 Padded Archer Armor
30:32 Scale Barding Armor
32:25 Ballistics
34:03 Wheelbarrow
37:44 Nomads
38:22 Forging
38:07 Bodkin Arrow
38:28 Leather Archer Armor
39:23 Hand Cart
45:35 Imperial Age
44:39 Iron Casting
44:25 Chain Barding Armor
47:08 Conscription
47:14 Conscription
48:43 Chemistry
47:32 Elite Mangudai
50:55 Blast Furnace
49:56 Bracer
MOrat
16:05 Feudal Age
19:44 Double-Bit Axe
20:37 Fishing Lines
25:13 Castle Age
28:11 Wheelbarrow
27:21 Loom
27:52 Forging
27:42 Scale Mail Armor
27:16 Pikeman
27:57 Squires
28:58 Eagle Warrior
31:58 Arson
32:46 Hand Cart
35:07 Bow Saw
37:06 Iron Casting
36:47 Chain Mail Armor
42:05 Imperial Age
47:14 Arrowslits
48:30 Chemistry
53:57 Blast Furnace
53:29 Plate Mail Armor
58:04 Gillnets
57:52 Man-at-Arms
Manu
10:51 Loom
13:41 Feudal Age
19:30 Castle Age
19:42 Scale Barding Armor
20:00 Bloodlines
21:00 Chain Barding Armor
23:30 Forging
29:07 Wheelbarrow
29:30 Iron Casting
29:57 Husbandry
40:00 Fletching
41:08 Ballistics
41:23 Bodkin Arrow
41:52 Horse Collar
42:50 Wheelbarrow
42:22 Gold Mining
46:29 Imperial Age
44:15 Hand Cart
44:03 Town Watch
45:53 Parthian Tactics
47:48 Blast Furnace
46:10 Cavalier
47:02 Padded Archer Armor
48:49 Plate Barding Armor
47:53 Savar
48:37 Heavy Cavalry Archer
52:15 Heavy Camel Rider
54:56 Leather Archer Armor
#Patte
4:50 Loom
15:17 Feudal Age
17:56 Double-Bit Axe
20:19 Castle Age
20:00 Wheelbarrow
19:12 Town Watch
21:30 Bow Saw
21:17 Fletching
22:48 Gold Mining
24:09 Padded Archer Armor
27:19 Ballistics
28:08 Stone Mining
28:52 Horse Collar
29:49 Leather Archer Armor
30:29 Bodkin Arrow
32:30 Thumb Ring
35:47 Heavy Plow
36:05 Bloodlines
35:56 Husbandry
39:53 Imperial Age
40:30 Heavy Cavalry Archer
41:13 Bracer
42:21 Chemistry
42:25 Parthian Tactics
43:10 Conscription
44:00 Hand Cart
50:36 Light Cavalry
51:24 Scale Barding Armor
51:30 Forging
51:57 Hussar
54:59 Chain Barding Armor
55:15 Iron Casting
Connection lost

Rejoining the realm…

Still unreachable

The connection could not be restored.

Session expired

The server has moved on; the page needs a fresh start.